 Dungeon Crawl Stone Soup version 0.22-a0-412-g2b68d14 (webtiles) character file.

196 Serpenta the Skirmisher (level 6, -6/58 HPs)
             Began as a Kobold Chaos Knight on May 12, 2018.
             Splashed by an acid dragon's acid (15 damage)
             ... on level 3 of the Dungeon.
             The game lasted 00:06:22 (3556 turns).

Serpenta the Skirmisher (Kobold Chaos Knight)       Turns: 3556, Time: 00:06:22

Health: -6/58      AC: 19    Str:  9    XL:     6   Next: 4%
Magic:  6/6        EV:  3    Int: 13    God:    Xom [..*...]
Gold:   161        SH:  0    Dex: 22    Spells: 5/5 levels left

rFire    . . .     SeeInvis .   a - +0 mace (chaos)
rCold    . . .     Gourm    .   (shield restricted)
rNeg     + + +     Faith    .   (armour currently unavailable)
rPois    +         Spirit   .   (helmet currently unavailable)
rElec    .         Reflect  .   (cloak currently unavailable)
rCorr    .         Harm     .   (gloves currently unavailable)
MR       .....     NoTele   +   (boots currently unavailable)
Stlth    +++.......             (no amulet)
HPRegen  0.19/turn              (no ring)
MPRegen  0.10/turn              (no ring)

@: agile, tree-form, corroded, hasted, very quick
A: small, carnivore
a: Renounce Religion


You were on level 3 of the Dungeon.
You worshipped Xom.
You were a toy of Xom.
You were completely stuffed.
You were a tree.
You visited 1 branch of the dungeon, and saw 3 of its levels.

You collected 161 gold pieces.


Innate Abilities, Weirdness & Mutations

You are small and have problems with some larger weapons.
You are carnivorous and can eat meat at any time.


   Skills:
 + Level 4.7 Fighting
 + Level 3.9 Maces & Flails
 - Level 0.7 Armour
 + Level 4.4 Dodging


You had 5 spell levels left.
You didn't know any spells.
Your spell library was empty.

Action                   |  1- 3 |  4- 6 || total
-------------------------+-------+-------++-------
Melee: Mace              |   101 |   168 ||   269
  Use: Scroll            |       |     4 ||     4
       Potion            |       |     7 ||     7
 Stab: Confused          |     1 |     1 ||     2
       Sleeping          |       |     1 ||     1
       Paralysed         |       |     1 ||     1
  Eat: Chunk             |     9 |     8 ||    17
Armor: Leather armour    |    24 |    31 ||    55
       Skin              |       |    14 ||    14
Dodge: Dodged            |    74 |   128 ||   202

Inventory:

Hand Weapons
 a - a +0 mace of chaos (weapon)
Missiles
 n - 2 throwing nets (quivered)
Armour
 b - a +2 leather armour (melded)
 i - a +0 plate armour
Scrolls
 k - a scroll of remove curse {unknown}
Potions
 f - a potion of magic
Comestibles
 c - 18 rations
 h - 3 chunks of flesh {@w1}

#..≈≈≈≈≈...#
#..≈≈.≈≈...#
#..≈≈≈≈≈...#
#...≈≈≈....#
#..........#
####.........## ..
#........#####
....#.####.#.#
..D...?.##♣#.#
####..).###.#..D...#
...... # ####.###
###### #.# #.# ..#
###


You could see an acid dragon.

Vanquished Creatures
  A centaur zombie (D:3)
  3 gnolls (D:3)
  3 adders
  A river rat (D:3)
  An ooze (D:1)
  A worm (D:2)
  5 leopard geckos
  4 orcs
  2 ball pythons (D:3)
  4 bats
  8 giant cockroaches
  12 goblins
  8 hobgoblins
  6 jackals
  9 kobolds
  2 quokkas (D:3)
  5 frilled lizards
  6 rats
81 creatures vanquished.

Vault maps used:
D:1:      moated_graveyard_arrival
D:2:      chequers_ecumenical_altar_grove
D:3:      portal_sewer_entry_a, minmay_misc_feat_pillars, supply_closet_lemuel


Message History

You hit the acid dragon. You freeze the acid dragon.
The acid dragon is heavily wounded.
The acid dragon barely misses you.
The acid dragon claws you but does no damage.
You hit the acid dragon but do no damage.
The acid dragon is heavily wounded.
The acid dragon bites you but does no damage.
The acid dragon claws you but does no damage.
You hit the acid dragon.
The acid dragon is heavily wounded.
The acid dragon bites you but does no damage.
The acid dragon claws you but does no damage.
You barely miss the acid dragon.
The acid dragon is heavily wounded.
You closely miss the acid dragon.
The acid dragon is heavily wounded.
The acid dragon spits acid at you. The splash of acid hits you!
You are splashed with acid!
The acid burns!
You die...
Xom titters!

Notes
Turn   | Place    | Note
-------+----------+-------------------------------------------
     0 | D:1      | Serpenta the Kobold Chaos Knight began the quest for the Orb.
     0 | D:1      | Reached XP level 1. HP: 14/14 MP: 1/1
    31 | D:1      | Reached XP level 2. HP: 12/19 MP: 2/2
   215 | D:1      | XOM: potion effect (haste)
   425 | D:1      | Reached XP level 3. HP: 23/24 MP: 3/3
   875 | D:1      | XOM: silly message
  1023 | D:1      | XOM: harmless Summ miscast
  1080 | D:1      | XOM: silly message
  1142 | D:2      | XOM: god gift: 28 stones {god gift}
  1234 | D:2      | Reached XP level 4. HP: 29/29 MP: 4/4
  1251 | D:2      | XOM: scenery: 3 doors open
  1276 | D:2      | XOM: polymorph adder -> orc
  1547 | D:2      | XOM: confusion
  1642 | D:2      | XOM: harmless Tmut miscast
  2045 | D:2      | XOM: scenery: 2 doors close
  2119 | D:2      | Found a faded altar of an unknown god.
  2178 | D:2      | XOM: mild Ice miscast
  2289 | D:3      | XOM is BORED!
  2289 | D:3      | XOM: mild Tloc miscast
  2532 | D:3      | XOM: cloud trail
  2701 | D:3      | XOM: snakes to sticks
  2723 | D:3      | XOM: cloud trail
  2731 | D:3      | XOM: divination: detect creatures
  2769 | D:3      | XOM: god gift: 7 rations {god gift}
  2812 | D:3      | Reached XP level 5. HP: 33/33 MP: 5/5
  3006 | D:3      | XOM: smoke on damage
  3356 | D:3      | Reached XP level 6. HP: 29/39 MP: 6/6
  3427 | D:3      | XOM: harmless Pois miscast
  3530 | D:3      | Noticed an acid dragon
  3530 | D:3      | a centaur changed into an acid dragon
  3530 | D:3      | XOM: polymorph centaur -> acid dragon
  3556 | D:3      | Splashed by an acid dragon's acid
